 Dungeon Crawl Stone Soup version bcrawl-1.38.3 (webtiles) character file.

Game seed: 3332889726223699171

412156 kosoiffoigrumme1174 the Righteous (level 11, 0/105 HPs)
             Began as a Troll Chaos Knight on June 25, 2023.
             Was a Follower of the Shining One.
             Slain by an alligator snapping turtle (37 damage)
             ... on level 7 of the Dungeon.
             The game lasted 00:14:58 (7658 turns).

kosoiffoigrumme1174 the Righteous (TrCK)            Turns: 7658, Time: 00:14:59

Health: 0/105      AC: 16    Str: 24    XL:     11   Next: 3%
Magic:  19/19      EV: 10    Int: 13    God:    the Shining One [*.....]
Gold:   235        SH: 14    Dex: 12    Spells: 10/10 levels left

rFire    + . .     GDR:     28%   - Claws (20.6)
rCold    . . .     SeeInvis .   (no shield)
rNeg     . . .     Gourm    +   (armour unavailable)
rPois    +         Faith    .   (helmet restricted)
rElec    .         Spirit   .   (no cloak)
rCorr    +         Reflect  .   (gloves unavailable)
MR       +....                  (boots unavailable)
Stlth    +.........             (no amulet)
HPRegen  1.07/turn              c - ring of resist corrosion
MPRegen  0.16/turn              D - +5 ring of protection

@: divine shield, glowing, drained
A: large, almost no armour, claws 3, fangs 1, large bone plates 1, thin metallic
scales 1, camouflage 1, clever 2, fire resistance 1, fast metabolism 3,
gourmand, magic resistance 1, mutation resistance 1, poison resistance,
regeneration 2, strong 1, AC +9
a: Divine Shield, Renounce Religion


You were on level 7 of the Dungeon.
You worshipped the Shining One.
The Shining One was aware of your devotion.
You were very full.

You visited 2 branches of the dungeon, and saw 8 of its levels.
You also visited: Ossuary.

You collected 568 gold pieces.
You spent 333 gold pieces at shops.

Inventory:

Hand Weapons
 b - a +0 hunting sling
Missiles
 n - 317 poisoned tomahawks (quivered)
 p - 1326 sling bullets
 u - 1223 stones
Armour
 j - a +0 cloak
Jewellery
 c - a ring of resist corrosion (left claw)
 D - a +5 ring of protection (right claw)
Wands
 v - a wand of clouds (9)
 x - a wand of polymorph (10)
 y - a wand of disintegration (10)
 z - a wand of flame (4)
 B - a wand of iceblast (9)
Scrolls
 a - 6 scrolls of teleportation
 h - 5 scrolls of amnesia
 i - 2 scrolls of identify
 l - 4 scrolls of blinking
 m - 4 scrolls of fear
 w - a scroll of enchant armour {unknown}
 C - a scroll of remove curse {unknown}
Potions
 d - 2 potions of lignification
 f - 6 potions of curing
 g - a potion of cancellation {unknown}
 k - a potion of resistance {unknown}
 o - a potion of heal wounds {unknown}
 q - 3 potions of mutation {unknown}
 r - a potion of haste {unknown}
 s - a potion of magic {unknown}
 t - 2 potions of agility
 A - a potion of degeneration {unknown}
 E - 2 potions of brilliance {unknown}
Comestibles
 e - 8 rations {!d}


   Skills:
 - Level 6.0(4.8) Fighting
 + Level 3.2(2.1) Dodging
 - Level 6.0(4.8) Unarmed Combat
 - Level 12.0(10.6) Invocations
 - Level 6.0(4.8) Evocations


You had 10 spell levels left.
You didn't know any spells.
Your spell library was empty.

Dungeon Overview and Level Annotations

Branches:
Dungeon (7/12)             Temple (1/1) D:4            Lair (0/6) D:7

Altars:
Ashenzari
Cheibriados
Dithmenos
Elyvilon
Fedhas
Gozag
Kikubaaqudgha
Lugonu
Makhleb
Nemelex Xobeh
Okawaru
Qazlal
Ru
Sif Muna
Trog
Uskayaw
Vehumet
Wu Jian
Xom
Yredelemnul
Zin
The Shining One

Shops:
D:5 }   D:7 *((


Innate Abilities, Weirdness & Mutations

You cannot wear most types of armour.
Your thick skin is tough. (AC +9)
You are too large for most types of armour.
You have claws for hands.
Your metabolism is lightning-fast.
You like to eat raw meat.
You heal very quickly.
You have very sharp teeth.
You are partially covered in large bone plates. (SH +4)
You are partially covered in thin metallic scales. (AC +2)
Your skin changes colour to match your surroundings (Stealth+).
Your mind is very acute. (Int +4)
Your flesh is heat resistant. (rF+)
You are resistant to hostile enchantments. (MR+)
You are somewhat resistant to further mutation.
Your system is resistant to poisons. (rPois)
Your muscles are strong. (Str +2)


Message History

The alligator snapping turtle is almost dead.
Evoke which item? (* to show all) (? for menu, Esc to quit)
Aiming: Throw Flame
Press: ? - help, Shift-Dir - straight line, f/p - alligator snapping turtle
Aim: an alligator snapping turtle (almost dead)
The puff of flame hits the alligator snapping turtle.
The alligator snapping turtle is almost dead.
Evoke which item? (* to show all) (? for menu, Esc to quit)
Aiming: Throw Flame
Press: ? - help, Shift-Dir - straight line, f/p - alligator snapping turtle
Aim: an alligator snapping turtle (almost dead)
The puff of flame hits the alligator snapping turtle!
The alligator snapping turtle is almost dead.
Xom guffaws.
You radiate an aura of cold.
The alligator snapping turtle seems to slow down.
You are now a favourite toy of Xom.
The alligator snapping turtle bites you!!!
You die... "What!?
That's it?"

#.#........# #...........
#.....?.._.# ##...#.....##
#.......#### #.%........##
#.......# #...#........
#...##.## #######..........##
#... #t# #................##
#... #.# #.#................
##...##.####.#.###..##.##.#.##
............t@...#.###.##.#.#
###......###.###.#.# .#....#
..........##.# #.#.#####....#
##.......###.# #............#
#....#..# #.# ######..###..#
#....#... ..# #.##..# #..##
#....##.# #######.##..###....
#.... #.# ###.....##.........
#........).......#.


You could see an alligator snapping turtle.

Vanquished Creatures
  7 death yaks (D:7)
  A centaur warrior (D:7)
  An ugly thing (D:7)
  A hippogriff (D:7)
  A wraith (D:7)
  Menkaure (Ossuary)
  A water moccasin (shapeshifter) (D:7)
  3 orc warriors
  2 phantoms (D:5)
  An ice beast (D:6)
  2 ogres
  A bullfrog (D:7)
  2 kobold brigands
  Blork the orc (D:5)
  2 centaurs
  2 wyvern zombies (D:7)
  2 howler monkeys (D:7)
  An orc priest (D:6)
  3 crimson imps
  3 orc wizards (D:7)
  A hound (D:4)
  4 jellies
  An iguana (D:6)
  4 worker ants
  A hound skeleton (D:3)
  3 mummies (Ossuary)
  5 gnolls
  A howler monkey skeleton (D:7)
  4 adders
  2 shadow imps
  An ufetubus (D:6)
  3 oozes
  An adder skeleton (D:7)
  5 worms
  7 dart slugs
  5 leopard geckos
  21 orcs
  2 ball pythons
  4 giant cockroaches
  5 gnoll zombies (Ossuary)
  7 goblins
  6 hobgoblins
  10 jackals
  7 quokkas
  4 bats
  7 frilled lizards
  3 gnoll skeletons (Ossuary)
  6 goblin skeletons (Ossuary)
  6 goblin zombies (Ossuary)
  4 hobgoblin skeletons (Ossuary)
  5 hobgoblin zombies (Ossuary)
  16 kobolds
  3 kobold skeletons (Ossuary)
  3 kobold zombies (Ossuary)
  6 orc skeletons (Ossuary)
  6 orc zombies (Ossuary)
  9 rats
  3 rat skeletons (Ossuary)
229 creatures vanquished.

Vanquished Creatures (collateral kills)
  2 kobolds (D:2)
2 creatures vanquished.

Vanquished Creatures (others)
  An orc priest (D:6)
  An orc wizard (D:6)
  An orc (D:6)
3 creatures vanquished.

Grand Total: 234 creatures vanquished

Notes
Turn   | Place    | Note
-------+----------+-------------------------------------------
     0 | D:1      | kosoiffoigrumme1174 the Troll Chaos Knight began the quest
                  | for the Orb.
     0 | D:1      | Reached XP level 1. HP: 22/22 MP: 0/0
    67 | D:1      | XOM: harmless Summ miscast
   153 | D:1      | Reached XP level 2. HP: 28/29 MP: 1/1
   555 | D:1      | XOM: silly message
   612 | D:1      | Reached XP level 3. HP: 29/37 MP: 2/2
   891 | D:1      | XOM: mild Summ miscast
  1009 | D:2      | XOM: divination: detect creatures
  1054 | D:2      | XOM is BORED!
  1054 | D:2      | XOM: mild Tmut miscast
  1289 | D:2      | Gained mutation: Your natural rate of healing is unusually
                  | fast. [Troll growth]
  1289 | D:2      | Reached XP level 4. HP: 34/45 MP: 3/3
  1388 | D:2      | XOM: give mutations
  1388 | D:2      | Gained mutation: Your system is resistant to poisons.
                  | (rPois) [Xom's grace]
  1388 | D:2      | Gained mutation: Your flesh is heat resistant. (rF+) [Xom's
                  | grace]
  1388 | D:2      | Gained mutation: You are partially covered in thin metallic
                  | scales. (AC +2) [Xom's grace]
  1506 | D:2      | XOM: harmless Fire miscast
  1714 | D:2      | XOM: cast spell 'Summon Ice Beast'
  1991 | D:3      | Found an opulent altar of Gozag.
  2239 | D:3      | Noticed a centaur
  2248 | D:3      | Killed a centaur
  2249 | D:3      | Reached XP level 5. HP: 49/54 MP: 4/4
  2940 | D:4      | Noticed an ogre
  2946 | D:4      | Killed an ogre
  2947 | D:4      | Reached skill level 5 in Unarmed Combat
  2947 | D:4      | Reached XP level 6. HP: 51/63 MP: 5/5
  3056 | D:3      | XOM: divination: detect creatures
  3187 | D:4      | XOM is BORED!
  3187 | D:4      | XOM: harmless Chrm miscast
  3226 | D:4      | Found a sand-covered staircase.
  3231 | Ossuary  | Entered an ossuary
  3324 | Ossuary  | XOM: divination: detect creatures
  3526 | Ossuary  | Noticed Menkaure
  3534 | Ossuary  | Killed Menkaure
  3544 | Ossuary  | Reached skill level 5 in Fighting
  3548 | Ossuary  | XOM: give mutation
  3548 | Ossuary  | Gained mutation: You heal very quickly. [Xom's grace]
  3556 | Ossuary  | Reached XP level 7. HP: 65/72 MP: 6/6
  3649 | D:4      | Found a staircase to the Ecumenical Temple.
  3659 | Temple   | Entered the Ecumenical Temple
  3876 | Temple   | XOM: 3-stop teleportation journey
  4098 | Temple   | Fell from the grace of Xom
  4098 | Temple   | Became a worshipper of the Shining One
  4308 | D:4      | XOM is BORED!
  4453 | D:4      | Reached skill level 1 in Invocations
  4498 | D:4      | XOM: severe Tmut miscast
  4568 | D:4      | XOM: god gift: scroll of teleportation
  4623 | D:5      | Entered Level 5 of the Dungeon
  4674 | D:5      | Reached skill level 2 in Invocations
  4703 | D:5      | XOM: god gift: scroll of amnesia
  4860 | D:5      | Reached skill level 3 in Invocations
  4950 | D:5      | XOM: polymorph worker ant -> frilled lizard
  4987 | D:5      | XOM: scenery: 1 doors close
  4994 | D:5      | Reached skill level 4 in Invocations
  5042 | D:5      | XOM: give mutations
  5042 | D:5      | Gained mutation: Your skin changes colour to match your
                  | surroundings (Stealth+). [Xom's grace]
  5042 | D:5      | Gained mutation: You have very sharp teeth. [Xom's grace]
  5042 | D:5      | Gained mutation: You are partially covered in large bone
                  | plates. (SH +4) [Xom's grace]
  5042 | D:5      | Gained mutation: Your mind is acute. (Int +2) [Xom's grace]
  5075 | D:5      | Noticed Blork the orc
  5082 | D:5      | Killed Blork the orc
  5182 | D:5      | XOM: god gift: white potion {god gift}
  5335 | D:5      | Reached XP level 8. HP: 80/80 MP: 10/10
  5515 | D:5      | Reached skill level 5 in Invocations
  5520 | D:5      | Found Xadyczuf's Gadget Shop.
  5527 | D:5      | Bought a wand of clouds (4) for 195 gold pieces
  5527 | D:5      | Bought a wand of disintegration (11) for 97 gold pieces
  5527 | D:5      | Bought a wand of flame (7) for 41 gold pieces
  5685 | D:6      | Found a stormy altar of Qazlal.
  5728 | D:6      | Reached * piety under the Shining One
  5756 | D:6      | Reached skill level 6 in Invocations
  6002 | D:6      | XOM: polymorph crimson imp -> ufetubus
  6060 | D:6      | XOM: snakes to sticks
  6063 | D:6      | XOM: destruction
  6182 | D:6      | Reached skill level 7 in Invocations
  6292 | D:6      | XOM: 3-stop teleportation journey
  6396 | D:6      | XOM: give mutations
  6396 | D:6      | Gained mutation: You are resistant to hostile enchantments.
                  | (MR+) [Xom's grace]
  6396 | D:6      | Gained mutation: You are somewhat resistant to further
                  | mutation. [Xom's grace]
  6396 | D:6      | Gained mutation: Your mind is very acute. (Int +4) [Xom's
                  | grace]
  6396 | D:6      | Gained mutation: Your muscles are strong. (Str +2) [Xom's
                  | grace]
  6467 | D:6      | XOM: summons 2 hostile shadow creatures
  6673 | D:7      | XOM: swap monsters
  6682 | D:7      | Reached skill level 8 in Invocations
  6773 | D:7      | Found Qioseny's Weapon Boutique.
  6780 | D:7      | XOM: blink monster(s)
  6789 | D:7      | XOM: silly message
  6810 | D:7      | Noticed a death yak
  6811 | D:7      | Noticed a death yak
  6812 | D:7      | Noticed a death yak
  6812 | D:7      | Noticed a death yak
  6812 | D:7      | Noticed a death yak
  6826 | D:7      | XOM: summons friendly shadow imp
  6828 | D:7      | XOM: scenery: create altars
  6869 | D:7      | Reached XP level 9. HP: 88/88 MP: 14/14
  6872 | D:7      | XOM: confusion (+ monsters)
  6876 | D:7      | XOM: medium Hex miscast
  6887 | D:7      | Noticed a purple ugly thing
  6917 | D:7      | Killed a purple ugly thing
  6918 | D:7      | Reached skill level 9 in Invocations
  6941 | D:7      | Noticed a death yak
  6970 | D:7      | Noticed a death yak
  6971 | D:7      | Killed a death yak
  6972 | D:7      | Reached skill level 10 in Invocations
  6973 | D:7      | Noticed a death yak
  6980 | D:7      | Killed a death yak
  6980 | D:7      | Noticed an alligator snapping turtle
  6980 | D:7      | a death yak changed into an alligator snapping turtle
  6980 | D:7      | XOM: polymorph death yak -> alligator snapping turtle
  6981 | D:7      | Reached skill level 11 in Invocations
  6986 | D:7      | XOM: enchant monster (good)
  7028 | D:7      | Noticed a centaur warrior
  7028 | D:7      | XOM: cast spell 'Summon Small Mammal'
  7042 | D:7      | Noticed a death yak
  7048 | D:7      | XOM: divination: magic mapping
  7059 | D:7      | Killed a centaur warrior
  7060 | D:7      | Reached skill level 12 in Invocations
  7060 | D:7      | Reached XP level 10. HP: 89/98 MP: 16/18
  7068 | D:7      | Killed a death yak
  7069 | D:7      | Killed a death yak
  7070 | D:7      | Killed a death yak
  7070 | D:7      | Killed a death yak
  7071 | D:7      | Reached skill level 5 in Evocations
  7087 | D:7      | Killed a death yak
  7118 | D:7      | XOM: polymorph sky beast -> water moccasin
  7160 | D:7      | XOM: cloud trail
  7210 | D:7      | XOM: harmless Air miscast
  7331 | D:7      | Found a staircase to the Lair.
  7458 | D:7      | Found Unila's Antique Weapon Boutique.
  7543 | D:7      | Reached XP level 11. HP: 105/105 MP: 19/19
  7585 | D:7      | XOM: medium Necr miscast
  7595 | D:7      | XOM: confuse monster(s)
  7598 | D:7      | Found Riykused's General Store.
  7616 | D:7      | XOM: confuse monster(s)
  7629 | D:7      | XOM: scenery: create altars
  7657 | D:7      | XOM: cast spell 'Metabolic Englaciation'
  7658 | D:7      | Slain by an alligator snapping turtle

Skill      XL: |  1  2  3  4  5  6  7  8  9 10 11 |
---------------+----------------------------------+-----
Fighting       | 3 4 5 6 |  6.0
Unarmed Combat | 4 5 6 |  6.0
Invocations    | 4 8 12 | 12.0
Evocations     | 6 |  6.0
Dodging        | 2 3 |  3.2

Action                   |  1- 3 |  4- 6 |  7- 9 | 10-12 || total
-------------------------+-------+-------+-------+-------++-------
Melee: Unarmed           |    89 |   197 |   177 |    51 ||   514
       Punch             |     3 |     4 |     2 |     7 ||    16
       Bite              |       |       |    10 |     8 ||    18
 Fire: Hunting sling     |       |       |   138 |    42 ||   180
Throw: Tomahawk          |       |     9 |       |       ||     9
Invok: Divine Shield     |       |       |     7 |     1 ||     8
Evoke: Wand              |       |       |       |     6 ||     6
  Use: Scroll            |       |     3 |     3 |       ||     6
 Stab: Sleeping          |       |     2 |       |       ||     2
       Distracted        |       |     1 |       |       ||     1
  Eat: Chunk             |    15 |    11 |    28 |     6 ||    60
       Ration            |       |       |     2 |       ||     2
Armor: Skin              |    35 |    59 |    64 |    13 ||   171
Dodge: Dodged            |    31 |    64 |    63 |    16 ||   174
Block: Other             |       |       |    50 |    10 ||    60
